Workbook
Name Delvery_Method: Delivery!$B$2:$B$11
Name Glass_Styles: Glass!$B$2:$B$11
Name Name: Customers!$B$2:$B$6

Sheet Input
J2: 109
E3: DO NOT USE THIS SOFTWARE
E4: An update is required | H4: Kit Batches | I4: 10
H5: Roof Height | I5: =(D20 / 2) * 0.46630765815 -> 233.15383
H6: Ridge Length | I6: =(D18-D20)-16 -> 984
H7: Weight | I7: =((I8)*VLOOKUP($D26,Glass_table[],3,0))+(D18/1000)*(D20/1000)*4 -> 54
H8: Glass Area | I8: =(D18/1000)*(D20/1000)+((D18/1000)*(D20/1000)*15/100) -> 2.3
C9: ="Ext "&D22 -> Ext Grey | H9: Glass £/m2 | I9: =VLOOKUP($D26,Glass_table[],2,0) -> 57
C10: ="Int "&D24 -> Int White
H11: Glass Cost | I11: =ROUND(I8*I9,2) -> 131.1
H12: Kit Cost | I12: =IF(D22="Custom",Kit_Prices!C8,IF(AND($D$24="White",$I$4=1),Kit_Prices!C2,IF(AND($D$24="White",$I$4=5),Kit_Prices!C3,IF(AND($D$24="White",$I$4=10),Kit_Prices!C4,IF(AND($D$24<>"White",$I$4=1),Kit_Prices!C5,IF(AND($D$24<>"White",$I$4=5),Kit_Prices!C6,IF(AND($D$24<>"White",$I$4=10),Kit_Prices!C7,))))))) -> 199 | J12: Cust. MU
H13: Addon | I13: 0 | J13: =VLOOKUP($C29,Customers_table[],11,0) -> 100
H14: Delivery | I14: =I28 -> 0
H15: Sale Price | I15: =(I11+I12+I13+I14) -> 330.1
D16: EXTERNAL Upstand Size Required | H16: Quantity | I16: 1
H17: Total | I17: =I15*I16 -> 330.1
C18: Width | D18: 2000 | E18: Max size 2920mm | H18: Deduction | I18: 0
D19: ERROR - Ridge too small must be a min of 125mm | H19: Total | I19: =I17-I18 -> 330.1 | J19: plus VAT
C20: Depth | D20: 1000 | E20: Max size 1650mm | I20: =ROUND(I19/100*20,2) -> 66.02 | J20: VAT 20%
H21: Total | I21: =I19+I20 -> 396.12 | J21: Incl VAT
C22: External Colour | D22: Grey
G23: Your job ref. | H23: Your Ref
C24: Internal Colour | D24: White | G24: Cust. ref. | H24: Cust Ref
C26: Glass Type | D26: Std Clear Low/E 4-16-4 Tough, S/Clean, 1.2 Uv | I26: =VLOOKUP($D26,Glass_table[],2,0) -> 57
C28: Search Customer | G28: Delivery Cost | I28: =VLOOKUP($F29,Delivery_Table[],2,0) -> 0 | M28: `
C29: First Company Roofs | F29: FOC Delivery
C30: Customer Stored Mark Up | D30: =VLOOKUP($C29,Customers_table[],11,0) -> 100
C32: Customer Details
C33: =VLOOKUP($C29,Customers_table[],3,0) -> Unit 1, Imaginary Ind Estate
C34: =IF(VLOOKUP($C$29,Customers_table[],4,0)>0,VLOOKUP($C$29,Customers_table[],4,0),VLOOKUP($C$29,Customers_table[],5,0)) -> Made Up Road
C35: =IF(VLOOKUP($C$29,Customers_table[],4,0)>0,VLOOKUP($C$29,Customers_table[],5,0),VLOOKUP($C$29,Customers_table[],6,0)) -> Basildon
C36: =IF(VLOOKUP($C$29,Customers_table[],4,0)>0,VLOOKUP($C$29,Customers_table[],6,0),VLOOKUP($C$29,Customers_table[],7,0)) -> Essex
C37: =IF(VLOOKUP($C$29,Customers_table[],4,0)>0,VLOOKUP($C$29,Customers_table[],7,0),"") -> PC1 001
C38: ="Tel : "&VLOOKUP($C29,Customers_table[],8,0) -> Tel : 0101 001 0001
C39: ="email : "&VLOOKUP($C29,Customers_table[],9,0) -> email : Info@firstcompasny.xxx
C40: ="Contact : "&VLOOKUP($C29,Customers_table[],2,0) -> Contact : Pete
C41: ="Notes : "&VLOOKUP($C29,Customers_table[],10,0) -> Notes : Great Customer
C61: =IF(#REF!>F2,#REF!) -> #REF!

Sheet Fabrcation
B2: ="Roof Maker Ver."&Input!J2 -> Roof Maker Ver.109
H5: Customer
H6: =Input!C29 -> First Company Roofs
H8: Date | I8: =TODAY() -> 46112
H10: Your Job ref. | I10: =Input!H23 -> Your Ref
H12: Cust. Ref | I12: =Input!H24 -> Cust Ref
H14: Roof Qty | I14: ="Qty x"&Input!I16 -> Qty x1
D17: Box | H17: End | J17: Profile
C18: Eaves Beams | D18: ID | E18: Qty | G18: Size | H18: Cut
C19: Eaves Beam Ali | D19: Box 1 Blue | E19: x2 | F19: Ali - Black | G19: =Input!D18+42 -> 2042 | H19: Mitre 45 | I19: FALSE
C20: Eaves Beam Ali | D20: Box 1 Blue | E20: x2 | F20: Ali - Black | G20: =Input!D20+42 -> 1042 | H20: Mitre 45 | I20: FALSE
C21: Eaves Int covers | D21: Box 2 Red | E21: x4 | F21: PVC Black | G21: Cut clipped to eaves
C22: Glass Trim
C23: Glass Trims | D23: Box 2 Red | E23: x2 | F23: =Input!D22 -> Grey | G23: =Input!D18+38 -> 2038 | H23: Mitre 45 | I23: FALSE
C24: Glass Trims | D24: Box 2 Red | E24: x2 | F24: =Input!D22 -> Grey | G24: =Input!D20+38 -> 1038 | H24: Mitre 45 | I24: FALSE
C25: Eaves Infills
C26: Eaves Infills | D26: Box 2 Red | E26: x2 | F26: PVC Black | G26: =Input!D18-90 -> 1910 | H26: Mitre 45 | I26: FALSE
C27: Eaves Infills | D27: Box 2 Red | E27: x2 | F27: PVC Black | G27: =Input!D20-90 -> 910 | H27: Mitre 45 | I27: FALSE
C28: Hips
C29: Hip Rafter Beam | D29: Box 3 | E29: x4 | F29: Metal | G29: =(Input!I5 / 0.313147)-3 -> 741.55074 | H29: Straight | I29: FALSE
C30: Hip Under Caps PVC | D30: Box 3 Yellow | E30: x4 | F30: =Input!D24 -> White | G30: Cut clipped to rafter
C31: Hip Top Cap Ali | D31: Box 4 Green | E31: x4 | F31: =Input!D22 -> Grey | G31: =(Input!I5/ 0.313147)+9 -> 753.55074 | H31: Straight | I31: FALSE
C32: Top Cap Clip Profile | D32: Box 2 Red | E32: x4 | F32: PVC Black | G32: =(Input!I5/ 0.313147)+9 -> 753.55074 | H32: Straight | I32: FALSE
C33: Ridge
C34: Ridge Top Cap Ali | D34: Box 4 | E34: x1 | F34: =Input!D22 -> Grey | G34: =Input!I6 -> 984 | H34: Straight | I34: FALSE
C35: Ridge Top Cap Clip | D35: Box 2 | E35: x1 | F35: PVC Black | G35: =Input!I6 -> 984 | H35: Straight | I35: FALSE
C36: Ridge Infills | D36: Box 2 | E36: x2 | F36: PVC Black | G36: =Input!I6 -> 984 | H36: Straight | I36: FALSE
C37: Ridge Beam | D37: Box 4 | E37: x1 | F37: Metal | G37: =Input!I6 -> 984 | H37: Straight | I37: FALSE
C38: Ridge Under Cap | D38: Box 3 | E38: x1 | F38: =Input!D24 -> White | G38: =Input!I6 -> 984 | H38: Straight | I38: FALSE

Sheet Confirmation
F2: Confirmation No. | G2: =Input!H23 -> Your Ref
B3: Enter Your Company Name | F3: To
B4: Your Address Line 1 | F4: =Input!C29 -> First Company Roofs
B5: Your Address Line 2 | F5: =Input!C33 -> Unit 1, Imaginary Ind Estate
B6: Your Address Line 3 | F6: =Input!C34 -> Made Up Road
B7: Your Address Line 4 | F7: =Input!C35 -> Basildon
B8: Your Post Code | F8: =Input!C36 -> Essex
B9: Your telephone | F9: =Input!C37 -> PC1 001
B10: Your email Address | F10: =Input!C38 -> Tel : 0101 001 0001
F11: =Input!C39 -> email : Info@firstcompasny.xxx
G13: Date
G14: =TODAY() -> 46112
G15: Cust. Ref
G16: =Input!H24 -> Cust Ref
F18: Glass | G18: =Input!$I$8 -> 2.3
F19: Weight | G19: =Input!$I$7 -> 54
F20: Height | G20: =Input!I5+70 -> 303.15383
B25: External Upstand Width | D25: =Input!D18 -> 2000
B27: External Upstand Depth | D27: =Input!D20 -> 1000
B29: External Colour | D29: =Input!D22 -> Grey
B31: Internal Colour | D31: =Input!D24 -> White
B33: Glass Type | D33: =Input!D26 -> Std Clear Low/E 4-16-4 Tough, S/Clean, 1.2 Uv
B35: Delivery Option Quoted | D35: =Input!F29 -> FOC Delivery

Sheet Quote
F2: Quote No. | G2: =NOW() -> 46112.579
B3: Your Company Name | F3: To
B4: Your Address Line 1 | F4: =Input!C29 -> First Company Roofs
B5: Your Address Line 2 | F5: =Input!C33 -> Unit 1, Imaginary Ind Estate
B6: Your Address Line 3 | F6: =Input!C34 -> Made Up Road
B7: Your Address Line 4 | F7: =Input!C35 -> Basildon
B8: Your Post Code | F8: =Input!C36 -> Essex
B9: Your telephone | F9: =Input!C37 -> PC1 001
B10: Your email Address | F10: =Input!C38 -> Tel : 0101 001 0001
F11: =Input!C39 -> email : Info@firstcompasny.xxx
G13: Date
G14: =TODAY() -> 46112
G15: Cust. Ref
G16: =Input!H24 -> Cust Ref
F18: Glass | G18: =Input!$I$8 -> 2.3
F19: Weight | G19: =Input!$I$7 -> 54
F20: Height | G20: =Input!I5+70 -> 303.15383
B25: External Upstand Width | D25: =Input!D18 -> 2000
B27: External Upstand Depth | D27: =Input!D20 -> 1000
B29: External Colour | D29: =Input!D22 -> Grey
B31: Internal Colour | D31: =Input!D24 -> White
B33: Glass Type | D33: =Input!D26 -> Std Clear Low/E 4-16-4 Tough, S/Clean, 1.2 Uv
B35: Delivery Option Quoted | D35: =Input!F29 -> FOC Delivery
G37: =Input!I15 -> 330.1
G38: =Input!$I$16 -> 1
G39: =Input!I17 -> 330.1
G40: =Input!I18 -> 0
G41: =Input!I19 -> 330.1
G42: =G39/100*20 -> 66.02
G43: =G41+G42 -> 396.12

Sheet Glass_Order
H2: Glass Ordr Date | J2: =TODAY() -> 46112
H3: Glass Order Ref | J3: =Input!H23 -> Your Ref
C4: From | H4: To | M4: Cell No. | O4: Cell O
C5: Sample Company Name Ltd | H5: Tuffex Glass Processing | M5: 4 | N5: Roof Height = | O5: =(Input!D20/2)* 0.46630765815 -> 233.15383 | P5: (input!D18 (depth) / 2) * 0.46630765815
C6: Your address line 1 | H6: Nexus House | M6: 5 | N6: Ridge length (Pure) | O6: =Input!D18-Input!D20 -> 1000 | P6: ((input!D16 (width) - input!D18 (depth)
C7: Your address line 2 | H7: Knowsley Business Park
C8: Your Address line 3 | H8: Randles Road | N8: Glass Formula Cells
C9: Your address line 4 | H9: Knowsley | M9: 8 | N9: Hip Side Small | O9: =((O5/0.313147)+4) -> 748.55074 | P9: Roof Hieght /0.313147)+4mm
C10: Post Code | H10: L34 9HX | M10: 9 | N10: Hip Side Big | O10: =((O5/0.313147)+38) -> 782.55074 | P10: Roof Height /0.313147)+38mm
C11: Your Contact | H11: Tel : 0151 632 8930 | M11: 10 | N11: Top of Glass Big | O11: =O6-16 -> 984 | P11: Ridge less 16
C12: Your Co. Tel No. : | H12: email : orders@txpro.co.uk | M12: 11 | N12: Bottom of Glass Big | O12: =Input!D18+36 -> 2036 | P12: width plus 36mm
M13: 12 | N13: Bottom of Glass Small | O13: =Input!D20+36 -> 1036 | P13: depth +36
C14: Please supply glass units below | M14: 13 | N14: Unit Height Small | O14: =(O5/0.422618)+3 -> 554.6893 | P14: Roof Height / cos of 25 degrees ie 0.422618 +3
C15: All units : | D15: =Input!D26 -> Std Clear Low/E 4-16-4 Tough, S/Clean, 1.2 Uv | M15: 14 | N15: Unit Height Big | O15: =(O5/0.42262)+28 -> 579.68669 | P15: Roof Height / cos of 25 degrees ie 0.422618 +28
M16: 15 | N16: Each Unit Qty | O16: =Input!I16*2 -> 2
C17: Total No. of Units | E17: =O16*2 -> 4 | M17: 16 | N17: Total Number of Units | O17: =O16*2 -> 4
C34: Delivery Address | H34: Glass Notes
H41: ="Roof Maker Ver"&Input!J2 -> Roof Maker Ver109 | J41: ="RIAB check - "&Input!D18&"x"&Input!D20 -> RIAB check - 2000x1000

Sheet Vent_Order
G4: Date | H4: =TODAY() -> 46112
G5: Our Ref | H5: =Input!H23 -> Your Ref
F7: Your Company Name Here
F8: Your address line 1
F9: Your address line 2
F10: Your address line 3
F11: Your address line 4
F12: Post code
F13: Your Contact :
F14: Your Tel :
G16: External Colour | H16: =Input!D22 -> Grey
G17: Internal Colour | H17: =Input!$D$24 -> White
B18: IMPORTANT NOTE | G18: Ridge | H18: =Input!I6 -> 984
B19: DO NOT order your glass,vent changes glass sizes | G19: Ridge MUST be a min 600
B20: We will send back glass sizes for this roof | G20: 600mm to fit a vent
B22: FALSE | C22: Vent requied one side only (x1 vent)
B24: FALSE | C24: Vent requied both sides (x2 vents)
C27: Vent rafter pack cost - coloured to suit | G27: ="£ "&Kit_Prices!C13&"+vat each" -> £ 85+vat each
C29: Selelct Vent Operating System
B31: FALSE | C31: Vent Electric - Wireless Wall Switch | G31: ="£ "&Kit_Prices!C10&"+vat each" -> £ 695+vat each
B33: FALSE | C33: Vent Electric - Wireless Wall Switch & Remote | G33: ="£ "&Kit_Prices!C11&"+vat each" -> £ 755+vat each
B35: FALSE | C35: Vent Manual - with crank handle @1500mm | G35: ="£ "&Kit_Prices!C12&"+vat each" -> £ 450+vat each

Sheet Kit_Order
G5: Date | H5: =TODAY() -> 46112
G6: Your Ref | H6: Your ref
C9: Your Company Name Here
C10: Your address line 1
C11: Your address line 2
C12: Your address line 3
C13: Your address line 4
C14: Post Code
C15: Contact :
C16: Your Tel :
C19: External Colour | D19: Internal Colour | E19: Qty
C20: Grey | D20: White | E20: 0
C21: Black | D21: White | E21: 0
C22: White | D22: White | E22: 0
C23: Int. Colour Pack | D23: Grey | E23: 0 | F23: When Internal colour is NOT white
C24: Int. Colour Pack | D24: Black | E24: 0 | F24: When Internal colour is NOT white
C25: Ext Custom | D25: Int Custom | E25: 0 | G25: Specify RAL colour
C26: Ext Custom | D26: Int Custom | E26: 0 | G26: Specify RAL colour
D28: Total Kits | E28: =SUM(E20:E26) -> 0
C30: Add a colour pack when the internal colour of the roof needs be be Black or Grey
E31: Internal Colour Pack | G31: ="£ "&Kit_Prices!C9&" +vat each" -> £ 45 +vat each

Sheet Customers
B1: Name | C1: Contact | D1: Address_Line_1 | E1: Address_Line_2 | F1: Address_Line_3 | G1: Address_Line_4 | H1: Post_Code | I1: Telephone | J1: Email | K1: Notes | L1: Stored_MU_£ | O1: Please note, your customer data base must be saved when updating
B2: First Company Roofs | C2: Pete | D2: Unit 1, Imaginary Ind Estate | E2: Made Up Road | F2: Basildon | G2: Essex | H2: PC1 001 | I2: 0101 001 0001 | J2: Info@firstcompasny.xxx | K2: Great Customer | L2: 100
B3: Second Company Ltd | C3: Mary | D3: Unit 2 test Address Etate | E3: Andover House | F3: Thaxted | G3: Essex | H3: PC2 002 | I3: 0202 002 0002 | J3: Info@decondcompany.BBB | K3: New Customer | L3: 400
B4: Third Company Glazing | C4: Steve | D4: Unit 3 Sample Way | E4: Coalface | F4: Braintree | G4: Essex | H4: PC3 003 | I4: 0303 003 0003 | J4: Info@thirdcompany.CCC | K4: New Acc | L4: 150

Sheet Glass
B1: Glass_Styles | C1: Cost_m2 | D1: Weight_Kg/m2 | F1: Pleas note, our glass prices are not updated automatically - check our website for current m2 rates
B2: Unglazed - No Glss Costed | C2: 0 | D2: 0
B3: Ambi Blue 4-16-4 Tough, S/Clean, 1.2 Uv | C3: 63.5 | D3: 20
B4: Ambi Neutral 4-16-4 Tough, S/Clean, 1.2 Uv | C4: 63.5 | D4: 20
B5: Std Clear Low/E 4-16-4 Tough, S/Clean, 1.2 Uv | C5: 57 | D5: 20
B6: Ambi Blue 4-16-4 Tough, S/Clean, 1.0 Uv | C6: 67 | D6: 20
B7: Ambi Neutral 4-16-4 Tough, S/Clean, 1.0 Uv | C7: 67 | D7: 20
B8: Ambi Clear 4-16-4 Tough, S/Clean, 1.0 Uv | C8: 67 | D8: 20

Sheet Delivery
B1: Delvery_Method | C1: Delivery_Cost | F1: Please note, your delivery database should be saved when updating software
B2: Collection | C2: 0
B3: FOC Delivery | C3: 0
B4: Van Drop Local | C4: 10
B5: Carrier Local - Roof Only | C5: 10
B6: Carrier National - Roof Only | C6: 10
B7: Carrier National - Glass via Glass Supplier | C7: 10
B8: Glass To Site | C8: 10
B9: Special Delivery | C9: 10

Sheet Kit_Prices
A1: 1 | B1: Version | C1: 109
A2: 2 Wht | B2: Single | C2: 295
A3: 3Wht | B3: 5-9 | C3: 265
A4: 4Wht | B4: 10+ | C4: 199
A5: 5Foil | B5: Single | C5: 340
A6: 6Foil | B6: 5-9 | C6: 310
A7: 7Foil | B7: 10+ | C7: 244
A8: 8Cstm | B8: custom clr | C8: 795
A9: 9clr | B9: Int Clr Pack | C9: 45
A10: 10Vent | B10: wall swtch | C10: 695
A11: 11vent | B11: Wall+Rmt | C11: 755
A12: 12clt | B12: Manual Vent | C12: 450
A13: 13rft | B13: Vnt Rfter Pck | C13: 85

Sheet Version
A1: Column1 | B1: Column2 | C1: Column3
A2: 1 | B2: Version | C2: 109
A3: 2 Wht | B3: Single | C3: 295
A4: 3Wht | B4: 5-9 | C4: 265
A5: 4Wht | B5: 10+ | C5: 199
A6: 5Foil | B6: Single | C6: 340
A7: 6Foil | B7: 5-9 | C7: 310
A8: 7Foil | B8: 10+ | C8: 244
A9: 8Cstm | B9: custom clr | C9: 795
A10: 9clr | B10: Int Clr Pack | C10: 45
A11: 10Vent | B11: wall swtch | C11: 695
A12: 11vent | B12: Wall+Rmt | C12: 755
A13: 12clt | B13: Manual Vent | C13: 450
A14: 13rft | B14: Vnt Rfter Pck | C14: 85
